 Dungeon Crawl Stone Soup version 0.24.1-14-gf8d2b509d9 (console) character file.

Game seed: 5777651089987005306, levelgen mode: deterministic

103 Kagalorn the Magician (level 4, -1/32 HPs)
             Began as a Gnoll Wanderer on Aug 24, 2020.
             Was an Initiate of the Shining One.
             Killed from afar by Natasha (8 damage)
             ... with a magic dart
             ... on level 3 of the Dungeon.
             The game lasted 00:07:46 (2183 turns).

Kagalorn the Magician (Gnoll Wanderer)              Turns: 2183, Time: 00:07:47

Health: -1/32      AC:  3    Str: 14    XL:     4   Next: 79%
Magic:  7/22       EV: 12    Int: 14    God:    the Shining One [......]
Gold:   39         SH:  5    Dex: 16    Spells: 14/17 levels left

rFire    . . .     SeeInvis .   a - +0 dagger
rCold    . . .     Gourm    .   b - +0 buckler
rNeg     . . .     Faith    .   c - +0 robe
rPois    .         Spirit   .   (no helmet)
rElec    .         Reflect  .   (no cloak)
rCorr    .         Harm     .   m - +0 pair of gloves (curse)
MR       .....                  (no boots)
Stlth    +.........             (no amulet)
HPRegen  0.10/turn              g - ring of magical power
MPRegen  0.18/turn              (no ring)

@: very slightly contaminated, glowing
A: distributed training, fangs 1, strong nose
a: Renounce Religion


You were on level 3 of the Dungeon.
You worshipped the Shining One.
The Shining One was noncommittal.
You were hungry.

You visited 1 branch of the dungeon, and saw 3 of its levels.

You collected 39 gold pieces.

Inventory:

Hand Weapons
 a - a +0 dagger (weapon)
Missiles
 d - 6 poisoned darts (quivered)
 i - 45 sling bullets
 k - 26 bolts
 n - 25 stones
 o - 33 arrows
 v - a throwing net
Armour
 b - a +0 buckler (worn)
 c - a +0 robe (worn)
 m - a cursed +0 pair of gloves (worn)
Jewellery
 g - a ring of magical power (left hand)
Scrolls
 e - 7 scrolls of identify {unknown}
 j - 2 scrolls of remove curse {unknown}
 l - 2 scrolls of teleportation {unknown}
 r - a scroll of amnesia {unknown}
 s - a scroll of blinking {unknown}
 t - a scroll of noise {unknown}
Potions
 h - a potion of brilliance {unknown}
 p - 3 potions of curing {unknown}
 q - a potion of might {unknown}
 u - a potion of degeneration {unknown}
 w - a potion of haste {unknown}
Comestibles
 f - 3 rations


   Skills:
 + Level 1.2 Fighting
 + Level 1.2 Short Blades
 + Level 1.2 Long Blades
 + Level 1.2 Axes
 + Level 1.2 Maces & Flails
 + Level 1.2 Polearms
 + Level 1.2 Staves
 + Level 1.2 Slings
 + Level 1.2 Bows
 + Level 1.2 Crossbows
 + Level 1.2 Throwing
 + Level 1.2 Armour
 + Level 1.2 Dodging
 + Level 1.2 Stealth
 + Level 2.8 Shields
 + Level 1.2 Unarmed Combat
 + Level 7.2 Spellcasting
 + Level 1.0 Conjurations
 + Level 1.0 Hexes
 + Level 1.0 Charms
 + Level 3.9 Summonings
 + Level 1.0 Necromancy
 + Level 1.0 Translocations
 + Level 1.0 Transmutations
 + Level 1.0 Fire Magic
 + Level 1.0 Ice Magic
 + Level 2.3 Air Magic
 + Level 3.9 Earth Magic
 + Level 1.0 Poison Magic
 + Level 1.3 Invocations
 + Level 2.8 Evocations


You had 14 spell levels left.
You knew the following spells:

 Your Spells              Type           Power        Failure   Level  Hunger
a - Magic Dart            Conj           #...         11%         1    None
h - Blink                 Tloc           N/A          16%         2    None

Your spell library contained the following spells:

 Spells                   Type           Power        Failure   Level  Hunger
 Call Imp                 Summ           ###.....     4%          2    None
 Slow                     Hex            #.......     16%         2    None
 Mephitic Cloud           Conj/Pois/Air  #.......     26%         3    ##.....
 Conjure Flame            Conj/Fire      #.......     30%         3    ##.....


Dungeon Overview and Level Annotations

Branches:
Dungeon (3/15)

Altars:
Ashenzari
Dithmenos
Fedhas
Hepliaklqana
Kikubaaqudgha
Okawaru
Wu Jian
The Shining One

Annotations:
D:2 Terence
D:3 Natasha


Innate Abilities, Weirdness & Mutations

Your experience applies equally to all skills.
You have very sharp teeth.
Your uncanny sense of smell can sniff out nearby items.


Message History

You blink.
Casting: Blink (safe; 16% risk of failure)
Confirm with . or Enter, or press ? or * to list all spells.
You blink.
There is a stone staircase leading down here.
You climb downwards. 2 bats, a goblin, an orc and Natasha come into view.
You block the bat's attack.
Found 4 gold pieces.
Found a stone staircase leading down.
There is a stone staircase leading up here.
You closely miss the bat.
The goblin shouts!
You block the bat's attack. Natasha casts a spell at you.
The magic dart hits you! The Shining One protects you from harm!
The bat closely misses you.
Natasha stares at you and mumbles some strange words.
The magic dart hits you!
You die...

<##### ..# ..
#.# o# # #.#
.#.# .# .#. ..
.. .. ###.# ..#
∆ ##...####..
#..@......#
#..........#
#.......b.....#
##........g.h.#
...#...$......#
.. .......>...#
. ............#
.b.#.........#


You could see Natasha, an orc, a goblin and 2 bats.

Vanquished Creatures
  3 gnolls (D:2)
  An adder (D:2)
  An ooze (D:2)
  2 worms
  3 dart slugs
  A leopard gecko (D:1)
  A ball python (D:1)
  2 giant cockroaches (D:2)
  7 goblins
  4 hobgoblins
  7 jackals
  A quokka (D:2)
  5 bats
  3 frilled lizards
  2 kobolds (D:2)
  5 rats
48 creatures vanquished.

Notes
Turn   | Place    | Note
-------+----------+-------------------------------------------
     0 | D:1      | Kagalorn the Gnoll Wanderer began the quest for the Orb.
     0 | D:1      | Kagalorn set off with the following items: a +0 dagger, a
                  | +0 buckler, a +0 robe, a ration; and the following spell
                  | memorised: Magic Dart; and the following spells available
                  | to memorise: Call Imp, Blink, Slow, Mephitic Cloud, Conjure
                  | Flame
     0 | D:1      | Reached XP level 1. HP: 13/13 MP: 8/8
   248 | D:1      | Reached XP level 2. HP: 7/19 MP: 10/10
   638 | D:1      | You fall into a shaft and drop 1 floor!
   843 | D:1      | Learned a level 2 spell: Blink
   879 | D:1      | Reached XP level 3. HP: 9/25 MP: 2/11
  1119 | D:2      | Reached skill level 1 in Invocations
  1222 | D:2      | Reached skill level 1 in Fighting
  1222 | D:2      | Reached skill level 1 in Short Blades
  1222 | D:2      | Reached skill level 1 in Long Blades
  1222 | D:2      | Reached skill level 1 in Axes
  1222 | D:2      | Reached skill level 1 in Maces & Flails
  1222 | D:2      | Reached skill level 1 in Polearms
  1222 | D:2      | Reached skill level 1 in Staves
  1222 | D:2      | Reached skill level 1 in Slings
  1222 | D:2      | Reached skill level 1 in Bows
  1222 | D:2      | Reached skill level 1 in Crossbows
  1222 | D:2      | Reached skill level 1 in Throwing
  1222 | D:2      | Reached skill level 1 in Armour
  1222 | D:2      | Reached skill level 1 in Dodging
  1222 | D:2      | Reached skill level 1 in Stealth
  1222 | D:2      | Reached skill level 1 in Unarmed Combat
  1228 | D:2      | Found a glowing golden altar of the Shining One.
  1242 | D:2      | Reached XP level 4. HP: 11/32 MP: 7/13
  1254 | D:2      | Found a blossoming altar of Fedhas.
  1309 | D:2      | Became a worshipper of the Shining One
  1534 | D:2      | Reached skill level 1 in Conjurations
  1534 | D:2      | Reached skill level 1 in Hexes
  1534 | D:2      | Reached skill level 1 in Charms
  1534 | D:2      | Reached skill level 1 in Necromancy
  1534 | D:2      | Reached skill level 1 in Translocations
  1534 | D:2      | Reached skill level 1 in Transmutations
  1534 | D:2      | Reached skill level 1 in Fire Magic
  1534 | D:2      | Reached skill level 1 in Ice Magic
  1534 | D:2      | Reached skill level 1 in Poison Magic
  1680 | D:2      | Found an iron altar of Okawaru.
  1683 | D:2      | Found a shattered altar of Ashenzari.
  1686 | D:2      | Found an ornate altar of the Wu Jian Council.
  1689 | D:2      | Found a hazy altar of Hepliaklqana.
  1885 | D:2      | Found a shadowy altar of Dithmenos.
  1890 | D:2      | Found an ancient bone altar of Kikubaaqudgha.
  1975 | D:3      | Noticed Terence
  2181 | D:3      | Noticed Natasha
  2182 | D:3      | The Shining One protects you from harm!
  2183 | D:3      | Killed from afar by Natasha

Levels and vault maps discovered:
D:1:      moated_graveyard_arrival, layout_loops_ring, grunt_decor_cap
D:2:      layout_basic, old_standard_altar, grunt_temple_overflow_cloverleaf,
          nicolae_overflow_crystal_walls, minitemple
D:3:      layout_rooms, old_standard_altar, uniq_natasha, uniq_terence

Skill      XL: |  1  2  3  4 |
---------------+-------------+-----
Air Magic      | 2 |  2.3
Invocations    | 1 |  1.3
Fighting       | 1 |  1.2
Short Blades   | 1 |  1.2
Long Blades    | 1 |  1.2
Axes           | 1 |  1.2
Maces & Flails | 1 |  1.2
Polearms       | 1 |  1.2
Staves         | 1 |  1.2
Slings         | 1 |  1.2
Bows           | 1 |  1.2
Crossbows      | 1 |  1.2
Throwing       | 1 |  1.2
Armour         | 1 |  1.2
Dodging        | 1 |  1.2
Stealth        | 1 |  1.2
Unarmed Combat | 1 |  1.2
Conjurations   | 1 |  1.0
Hexes          | 1 |  1.0
Charms         | 1 |  1.0
Necromancy     | 1 |  1.0
Translocations | 1 |  1.0
Transmutations | 1 |  1.0
Fire Magic     | 1 |  1.0
Ice Magic      | 1 |  1.0
Poison Magic   | 1 |  1.0
Shields        | |  2.8
Spellcasting   | |  7.2
Summonings     | |  3.9
Earth Magic    | |  3.9
Evocations     | |  2.8

Action                   |  1- 3 |  4- 6 || total
-------------------------+-------+-------++-------
Melee: Dagger            |    49 |    28 ||    77
       Bite              |     7 |     1 ||     8
 Cast: Magic Dart        |   106 |    72 ||   178
       Blink             |       |    14 ||    14
 Stab: Sleeping          |     1 |       ||     1
  Eat: Chunk             |     1 |     2 ||     3
Armor: Robe              |     7 |     9 ||    16
Dodge: Dodged            |    30 |    28 ||    58
Block: Buckler           |    13 |    11 ||    24
